 Dungeon Crawl Stone Soup version 0.14-a0-1361-g0512ea0 (webtiles) character file.

38 PolkaDot the Ruinous (level 2, -1/19 HPs)
             Began as a Vampire Conjurer on Dec 7, 2013.
             Slain by a giant gecko (3 damage)
             ... on Level 1 of the Dungeon.
             The game lasted 00:04:46 (685 turns).

PolkaDot the Ruinous (Vampire Conjurer)              Turns: 685, Time: 00:04:47

HP  -1/19        AC  2     Str  7      XL: 2   Next: 37%
MP   0/4         EV 12     Int 17      God:
Gold 22          SH  0     Dex 14      Spells:  2 memorised,  2 levels left

rFire  . . .     SeeInvis +     (no weapon)
rCold  . . .     Clarity  .     a - +0 robe
rNeg   + . .     Conserve .     (no shield)
rPois  .         rCorr    .     (no helmet)
rElec  .         rRot     .     (no cloak)
SustAb . .       Spirit   .     (no gloves)
rMut   .         Warding  .     (no boots)
Saprov . . .     Stasis   .     (no amulet)
                                (no ring)
                                (no ring)

@: very slightly contaminated, not resistant to hostile enchantments, stealthy
A: fangs 3, see invisible, unbreathing
a: no special abilities


You were on level 1 of the Dungeon.
You were not thirsty.

You visited 1 branch of the dungeon, and saw 1 of its levels.

You collected 22 gold pieces.

Inventory:

Armour
 a - a +0 robe (worn)
Scrolls
 d - 2 scrolls of fog {unknown}
 e - a scroll of remove curse {unknown}
 f - a scroll of identify {unknown}
Books
 c - a book of Conjurations

   Spells                             Type                      Level
   *Magic Dart                        Conjuration                  1
   *Searing Ray                       Conjuration                  2
   Dazzling Spray                     Conjuration/Hexes            3
   Iskenderun's Mystic Blast          Conjuration                  4
   Iskenderun's Battlesphere          Conjuration/Charms           4
   Fulminant Prism                    Conjuration/Hexes            5


   Skills:
 - Level 2.1 Dodging
 - Level 3.0 Stealth
 + Level 2.2 Spellcasting
 * Level 3.3 Conjurations


You had 2 spell levels left.
You knew the following spells:

 Your Spells              Type           Power        Failure   Level  Hunger
a - Magic Dart            Conj           ##..         6%          1    #......
s - Searing Ray           Conj           ##....       10%         2    ##.....


Dungeon Overview and Level Annotations

Branches:
Dungeon (1/16)

Altars:


Innate Abilities, Weirdness & Mutations

You have razor-sharp teeth.
You have supernaturally acute eyesight.
You can survive without breathing.


Message History

Aim: a giant gecko (moderately wounded, clinging)
You miscast Magic Dart.
Nothing appears to happen.
* * * LOW MAGIC WARNING * * *
The giant gecko bites you.
* * * LOW HITPOINT WARNING * * *
The giant gecko bites you but does no damage.
The giant gecko bites you.
* * * LOW HITPOINT WARNING * * *
You see here a dagger.
The jackal barks!
Casting: Magic Dart
Confirm with . or Enter, or press ? or * to list all spells.
Aiming: Magic Dart
Press: ? - help, Shift-Dir - straight line, f/p - giant gecko
Aim: a giant gecko (lightly wounded, clinging)
The magic dart hits the giant gecko.
The giant gecko is moderately wounded.
* * * LOW MAGIC WARNING * * *
The giant gecko bites you.
You die...

#..# #..#.# #.# # #..# #..#.#
#.# # #..# #..#.# #.# #
#..####.#.# # #.# #
###.#####.......#.# #.#.# #
.hh.............#.# #.#.###
###.#####.#####...# #......
#####.#####.#########..## #
#...h..l@..............#.
###.#.###.#####.#.#####.(#.#.
..........#######.#####..#.#.
.................>.......#.#.
####.....##############.#.#.
#####r######### #.#.##
#............. #.#...
#.r##########. #.####
#.######(......... #.#


You could see a giant gecko and a jackal.

Vanquished Creatures
  2 goblins (D:1)
  3 hobgoblins (D:1)
  2 jackals (D:1)
  2 bats (D:1)
  A giant cockroach (D:1)
  3 giant newts (D:1)
  A kobold (D:1)
  2 rats (D:1)
16 creatures vanquished.

Notes
Turn   | Place    | Note
--------------------------------------------------------------
     0 | D:1      | PolkaDot, the Vampire Conjurer, began the quest for the Orb.
     0 | D:1      | Reached XP level 1. HP: 13/13 MP: 3/3
   290 | D:1      | Somebody: Sorry, we broke off abruptly.
   291 | D:1      | PolkaDot: yeah, sorry
   291 | D:1      | Somebody: I am coming to realize that playing when you're too tired to think properly is a profountly bad decision.
   291 | D:1      | Somebody: I'll drop back in a bit.
   418 | D:1      | Reached XP level 2. HP: 19/19 MP: 1/4
   423 | D:1      | Learned a level 2 spell: Searing Ray
   685 | D:1      | Slain by a giant gecko

Action                   || total
-------------------------++-------
Melee: Unarmed           ||     2
 Cast: Magic Dart        ||    28
       Searing Ray       ||     1
  Use: Potion            ||     1
